 Dungeon Crawl Stone Soup version 0.21.1-1-g345015f (webtiles) character file.

33693 aMcNicky the Cleaver (level 14, -17/113 HPs)
             Began as a Formicid Fighter on Mar 7, 2018.
             Was a High Priest of Cheibriados.
             Killed from afar by a fire dragon (63 damage)
             ... with a blast of flame
             ... on level 12 of the Dungeon.
             The game lasted 00:50:05 (15304 turns).

aMcNicky the Cleaver (Formicid Fighter)            Turns: 15304, Time: 00:50:06

Health: -17/113    AC: 19    Str: 38    XL:     14   Next: 9%
Magic:  17/20      EV:  9    Int: 26    God:    Cheibriados [*****.]
Gold:   533        SH: 16    Dex: 28    Spells: 13/13 levels left

rFire    . . .     SeeInvis +   b - +0 battleaxe
rCold    . . .     Gourm    .   c - +0 shield
rNeg     . . .     Faith    .   G - +3 chain mail {rPois}
rPois    +         Spirit   .   (helmet unavailable)
rElec    .         Reflect  .   K - +2 cloak {MR+}
rCorr    +         Harm     .   o - +0 pair of gloves
MR       +++..                  (no boots)
Stlth    ..........             J - amulet of regeneration
HPRegen  0.68/turn              d - ring of Insomnia {-Tele MR+ Int+4 Dex+2 Stlth+}
MPRegen  0.17/turn              L - ring of resist corrosion

@: very slow
A: permanent stasis, dig shafts and tunnels, four strong arms, antennae 3
a: Dig, Shaft Self, Bend Time, Temporal Distortion, Slouch, Step From Time,
Renounce Religion


You were on level 12 of the Dungeon.
You worshipped Cheibriados.
Cheibriados was extremely pleased with you.
You were not hungry.

You visited 3 branches of the dungeon, and saw 17 of its levels.

You collected 1027 gold pieces.
You spent 494 gold pieces at shops.

Inventory:

Hand Weapons
 b - a +0 battleaxe (weapon)
 T - a +2 war axe of venom
Armour
 c - a +0 shield (worn)
 o - a +0 pair of gloves (worn)
 G - a +3 chain mail of poison resistance (worn)
 K - a +2 cloak of magic resistance (worn)
Jewellery
 d - the ring of Insomnia (left hand) {-Tele MR+ Int+4 Dex+2 Stlth+}
   (You found it on level 4 of the Dungeon)

   [ring of stealth]

   It affects your intelligence (+4).
   It affects your dexterity (+2).
   It affects your resistance to hostile enchantments.
   It prevents most forms of teleportation.
   It makes you more stealthy.
 g - an uncursed ring of wizardry {unknown}
 s - an uncursed ring of fire
 J - an amulet of regeneration (around neck)
 L - a ring of resist corrosion (right hand)
Wands
 F - a wand of flame (37)
 H - a wand of scattershot (4)
 O - a wand of iceblast (12)
 S - a wand of paralysis (23)
 V - a wand of disintegration (12)
Scrolls
 a - a scroll of brand weapon {unknown}
 j - 12 scrolls of remove curse {@r2}
 k - 2 scrolls of noise {unknown}
 n - a scroll of magic mapping {unknown}
 r - 4 scrolls of amnesia
 t - 3 scrolls of fog
 u - 7 scrolls of teleportation
 v - 4 scrolls of immolation
 w - 7 scrolls of identify {@r1}
 x - 2 scrolls of enchant weapon {unknown}
 B - a scroll of silence {unknown}
 C - 2 scrolls of blinking {unknown}
 D - 2 scrolls of fear {unknown}
 I - a scroll of torment {unknown}
 R - 2 scrolls of enchant armour {unknown}
Potions
 e - 2 potions of lignification {unknown}
 h - 4 potions of mutation
 i - 9 potions of heal wounds
 l - 3 potions of agility
 m - 5 potions of flight
 p - a potion of ambrosia {unknown}
 q - 7 potions of curing {@q1}
 z - 3 potions of brilliance {unknown}
 A - 5 potions of haste
 N - a potion of invisibility {unknown}
Books
 y - a book of Misfortune

   Spells                             Type                      Level
   a - Confusing Touch                Hexes                        1
   b - Confuse                        Hexes                        3
   c - Gell's Gravitas                Translocation                3
   d - Petrify                        Transmutation/Earth          4
   e - Metabolic Englaciation         Hexes/Ice                    5
   f - Yara's Violent Unravelling     Hexes/Transmutation          5
 E - a book of Conjurations

   Spells                             Type                      Level
   a - Magic Dart                     Conjuration                  1
   b - Searing Ray                    Conjuration                  2
   c - Dazzling Spray                 Conjuration/Hexes            3
   d - Fulminant Prism                Conjuration/Hexes            4
   e - Force Lance                    Conjuration/Translocation    4
   f - Iskenderun's Mystic Blast      Conjuration                  4
 M - a book of Air

   Spells                             Type                      Level
   a - Shock                          Conjuration/Air              1
   b - Swiftness                      Charms/Air                   2
   c - Static Discharge               Conjuration/Air              3
   d - Airstrike                      Air                          4
   e - Lightning Bolt                 Conjuration/Air              5
 P - a book of Enchantments

   Spells                             Type                      Level
   a - Cause Fear                     Hexes                        4
   b - Yara's Violent Unravelling     Hexes/Transmutation          5
   c - Silence                        Hexes/Air                    5
   d - Deflect Missiles               Charms/Air                   6
   e - Discord                        Hexes                        8
 Q - the Almanac of Flying Calling
   (You found it on level 9 of the Dungeon)

   Spells                             Type                      Level
   a - Poisonous Vapours              Poison/Air                   2
   b - Summon Guardian Golem          Hexes/Summoning              3
   c - Summon Forest                  Summoning/Translocation      5
   d - Dragon's Call                  Summoning                    9
Comestibles
 f - 36 rations
 U - 10 chunks of flesh


   Skills:
 + Level 11.5 Fighting
 * Level 14.1 Axes
 + Level 10.9 Armour
 + Level 11.8 Shields
 * Level 8.3 Invocations


You had 13 spell levels left.
You didn't know any spells.

Dungeon Overview and Level Annotations

Branches:
Dungeon (12/15)            Temple (1/1) D:5            Lair (4/6) D:11
 Shoals (0/4) Lair:3        Snake (0/4) Lair:4
    Orc: D:9-12

Altars:
Ashenzari
Cheibriados
Dithmenos
Elyvilon
Fedhas
Gozag
Hepliaklqana
Kikubaaqudgha
Makhleb
Nemelex Xobeh
Okawaru
Qazlal
Ru
Sif Muna
Trog
Uskayaw
Vehumet
Wu Jian
Xom
Yredelemnul
Zin
The Shining One

Shops:
D:5 [   D:8 [   D:11 (((*

Annotations:
D:8 2 transporters
Lair:1 exclusion: 2 oklob plants


Innate Abilities, Weirdness & Mutations

You cannot be hasted, slowed, berserked, paralysed or teleported.
You can dig through walls and to a lower floor.
Your four strong arms can wield two-handed weapons with a shield.
You have a pair of large antennae on your head. (SInv)


Message History

You hit the tengu reaver but do no damage.
The tengu reaver is severely wounded.
You hit the fire dragon. You block the fire dragon's attack.
The fire dragon claws you but does no damage.
The fire dragon tramples you but does no damage.
You block the tengu reaver's attack. x2
The tengu reaver claws you but does no damage.
The flow of time bends around you.
The tengu reaver resists with some effort.
Cheibriados rebukes the fire dragon.
The fire dragon seems to slow down.
You feel slightly more hungry.
You barely miss the tengu reaver.
The tengu reaver is severely wounded.
You slash the fire dragon!
The tengu reaver hits you with a long sword!
You block the tengu reaver's attack. x2
The fire dragon breathes flames at you. The blast of flame hits you!
Ouch! That really hurt!
You die...

#...# #.#.#
#...# #...#
##### ##'##
##...# ##..#.#
###+######.....#
.....§.*#.....##
#.....#DQ....##
.......@#§§§##
#############


You could see a fire dragon, a tengu reaver and a battlesphere.

Vanquished Creatures
  The ghost of jazmu the Blocker, a journeyman DsFE of Sif Muna (Lair:4)
  2 hydras
  5 two-headed ogres
  3 death yaks (D:10)
  2 unseen horrors (D:12)
  A deep elf mage (D:12)
  2 ugly things (D:11)
  A manticore (Lair:3)
  A cyclops (D:11)
  Maurice (D:8)
  A black mamba (Lair:3)
  A gargoyle (D:11)
  A centaur skeleton (D:11)
  2 rime drakes
  6 spiny frogs
  3 komodo dragons
  2 trolls
  2 polar bears (Lair:4)
  7 blink frogs (Lair:4)
  6 hippogriffs
  A shadow (D:12)
  A spriggan (D:9)
  2 wraiths (D:12)
  30 yaks
  2 wyverns
  2 basilisks (Lair:1)
  Grum (D:11)
  A hungry ghost (D:10)
  An acid dragon (D:10)
  4 nagas (Lair:4)
  A soldier ant (D:10)
  5 water moccasins
  7 porcupines
  2 ice beasts (D:7)
  6 orc warriors
  A phantom (D:9)
  5 sky beasts
  A black bear (D:12)
  3 necrophages
  10 ogres
  13 wolves
  4 crocodiles
  2 big kobolds
  6 centaurs
  11 bullfrogs
  A gnoll sergeant (D:5)
  A water moccasin skeleton (D:7)
  7 scorpions
  2 killer bees (D:7)
  A howler monkey (D:6)
  15 wights
  A bullfrog zombie (D:8)
  2 crimson imps
  10 orc priests
  A bullfrog skeleton (D:6)
  5 hounds
  2 jellies (D:3)
  19 orc wizards
  6 worker ants
  A hell rat (D:11)
  3 hound zombies
  A hound skeleton (D:10)
  4 mummies (D:8)
  A howler monkey zombie (D:9)
  A howler monkey skeleton (D:4)
  9 gnolls
  A worker ant zombie (D:6)
  13 adders
  5 shadow imps
  2 adder zombies
  5 dart slugs
  8 leopard geckos
  62 orcs
  A ball python (D:1)
  7 giant cockroaches
  8 goblins
  5 hobgoblins
  11 iguanas
  13 jackals
  16 kobolds
  7 quokkas
  8 bats
  7 frilled lizards
  A jackal skeleton (D:6)
  9 rats
  A fungus (Lair:3)
455 creatures vanquished.

Vanquished Creatures (others)
  A fungus (Lair:4)
  3 plants
4 creatures vanquished.

Grand Total: 459 creatures vanquished

Notes
Turn   | Place    | Note
-------+----------+-------------------------------------------
     0 | D:1      | aMcNicky the Formicid Fighter began the quest for the Orb.
     0 | D:1      | Reached XP level 1. HP: 18/18 MP: 1/1
   141 | D:1      | Reached XP level 2. HP: 24/24 MP: 2/2
   269 | D:1      | Reached XP level 3. HP: 28/29 MP: 3/3
   414 | D:1      | Reached skill level 3 in Axes
   895 | D:2      | Found a hazy altar of Hepliaklqana.
   922 | D:2      | Reached XP level 4. HP: 33/37 MP: 4/4
  1645 | D:2      | Reached XP level 5. HP: 34/42 MP: 5/5
  2132 | D:3      | Found a basalt altar of Yredelemnul.
  2226 | D:3      | Reached skill level 4 in Axes
  2750 | D:3      | Found a shimmering altar of Xom.
  3357 | D:4      | Reached XP level 6. HP: 47/49 MP: 6/6
  3514 | D:4      | Reached skill level 5 in Axes
  3730 | D:4      | Got a scintillating marble ring
  3767 | D:4      | Identified the ring of Insomnia {-Tele MR+ Int+4 Dex+2 Stlth+} (You found it on level 4 of the Dungeon)
  3769 | D:4      | Noticed an ogre
  3773 | D:4      | Reached skill level 5 in Fighting
  3780 | D:4      | Killed an ogre
  4048 | D:4      | Reached XP level 7. HP: 38/56 MP: 7/7
  4076 | D:4      | Reached skill level 6 in Axes
  4757 | D:5      | Entered Level 5 of the Dungeon
  4757 | D:5      | Found a staircase to the Ecumenical Temple.
  4851 | D:5      | Reached XP level 8. HP: 49/64 MP: 8/8
  5034 | D:5      | Found a sparkling altar of Nemelex Xobeh.
  5067 | Temple   | Entered the Ecumenical Temple
  5268 | Temple   | Became a worshipper of Cheibriados the Contemplative
  5322 | D:5      | Found Zoitz's Armour Emporium.
  5325 | D:5      | Bought a +0 pair of gloves for 45 gold pieces
  5788 | D:5      | Reached skill level 7 in Axes
  6381 | D:5      | Bought a +3 chain mail of poison resistance for 235 gold pieces
  6415 | D:5      | Reached skill level 5 in Shields
  6468 | D:5      | Reached * piety under Cheibriados
  6606 | D:6      | Reached skill level 5 in Armour
  7094 | D:6      | Reached XP level 9. HP: 62/71 MP: 9/9
  7391 | D:7      | Reached skill level 8 in Axes
  7597 | D:7      | Reached ** piety under Cheibriados
  7808 | D:7      | Noticed a hippogriff
  7817 | D:7      | Killed a hippogriff
  8021 | D:7      | Reached skill level 9 in Axes
  8233 | D:8      | Found a transporter.
  8237 | D:8      | Found a glowing golden altar of the Shining One.
  8239 | D:8      | Found a shattered altar of Ashenzari.
  8244 | D:8      | Reached XP level 10. HP: 76/80 MP: 10/10
  8314 | D:8      | Noticed Maurice
  8363 | D:8      | Killed Maurice
  8363 | D:8      | Reached *** piety under Cheibriados
  8407 | D:8      | Found a deep blue altar of Sif Muna.
  8572 | D:8      | Noticed a two-headed ogre
  8573 | D:8      | Found Sired's Armour Boutique.
  8588 | D:8      | Killed a two-headed ogre
  8588 | D:8      | Reached skill level 10 in Axes
  8703 | D:8      | Found a transporter.
  8747 | D:8      | Noticed a two-headed ogre
  8755 | D:8      | Killed a two-headed ogre
  8939 | D:9      | Reached XP level 11. HP: 77/87 MP: 11/11
  9077 | D:9      | Reached skill level 11 in Axes
  9161 | D:9      | Reached **** piety under Cheibriados
  9381 | D:9      | Found an opulent altar of Gozag.
  9381 | D:9      | Identified the Almanac of Flying Calling
  9661 | D:9      | Found a stormy altar of Qazlal.
  9803 | D:10     | Entered Level 10 of the Dungeon
  9805 | D:10     | Noticed a two-headed ogre
  9813 | D:10     | Killed a two-headed ogre
  9872 | D:10     | Reached ***** piety under Cheibriados
 10524 | D:11     | Noticed a two-headed ogre
 10528 | D:11     | Noticed Grum
 10529 | D:11     | Noticed a death yak
 10539 | D:10     | Killed a two-headed ogre
 10539 | D:10     | Reached skill level 10 in Fighting
 10539 | D:10     | Reached skill level 12 in Axes
 10539 | D:10     | Reached XP level 12. HP: 19/97 MP: 8/12
 10678 | D:10     | Killed a death yak
 10678 | D:10     | Reached skill level 10 in Shields
 10731 | D:11     | Killed Grum
 10734 | D:11     | Noticed a death yak
 10736 | D:11     | Noticed a death yak
 10751 | D:10     | Killed a death yak
 10755 | D:10     | Killed a death yak
 10934 | D:11     | Found a staircase to the Lair.
 10963 | D:11     | Found Galesuss's Antique Weapon Emporium.
 10986 | D:11     | Reached ****** piety under Cheibriados
 11054 | D:11     | Found Ijiomyd's Assorted Antiques.
 11132 | D:11     | Reached skill level 1 in Invocations
 11301 | D:11     | Noticed a two-headed ogre
 11312 | D:11     | Killed a two-headed ogre
 11431 | D:11     | Found Pyneh's Antique Weapon Emporium.
 11489 | D:11     | Found Ogul's Antique Weapon Emporium.
 11589 | D:11     | Bought a battleaxe for 214 gold pieces
 11630 | Lair:1   | Entered Level 1 of the Lair of Beasts
 11636 | Lair:1   | Reached skill level 13 in Axes
 11698 | Lair:1   | Reached skill level 10 in Armour
 11893 | Lair:1   | Reached XP level 13. HP: 98/105 MP: 16/16
 11954 | Lair:1   | Noticed a six-headed hydra
 11959 | Lair:1   | Killed a nine-headed hydra
 12056 | Lair:1   | Reached skill level 5 in Invocations
 13268 | Lair:3   | Found a staircase to the Shoals.
 14373 | Lair:4   | Noticed jazmu's ghost (journeyman DsFE)
 14392 | Lair:4   | Killed jazmu's ghost
 14582 | Lair:4   | Found a staircase to the Snake Pit.
 14587 | Lair:4   | Noticed an eight-headed hydra
 14597 | Lair:4   | Killed a 14-headed hydra
 15167 | D:12     | Reached skill level 14 in Axes
 15169 | D:12     | Reached XP level 14. HP: 113/113 MP: 18/20
 15296 | D:12     | Noticed a tengu reaver
 15304 | D:12     | Killed from afar by a fire dragon

Skill      XL: |  1  2  3  4  5  6  7  8  9 10 11 12 13 |
---------------+----------------------------------------+-----
Axes           | 3 4 5 6 7 9 10 12 13 14 | 14.1
Fighting       | 4 5 6 7 8 10 11 | 11.5
Shields        | 4 5 6 8 9 10 11 | 11.8
Armour         | 4 5 6 7 9 10 | 10.9
Invocations    | 4 8 |  8.3

Action                   |  1- 3 |  4- 6 |  7- 9 | 10-12 | 13-15 || total
-------------------------+-------+-------+-------+-------+-------++-------
Melee: War axe           |    84 |   156 |   351 |   574 |       ||  1165
       Battleaxe         |       |       |       |    25 |   277 ||   302
Invok: Bend Time         |       |       |     1 |     6 |     4 ||    11
       Slouch            |       |       |       |       |     4 ||     4
 Abil: Dig               |       |     1 |       |     2 |       ||     3
  Use: Scroll            |     1 |       |     3 |     2 |     6 ||    12
       Potion            |       |     1 |     1 |       |       ||     2
  Eat: Chunk             |       |     9 |     1 |     3 |     4 ||    17
       Ration            |       |     1 |     3 |     3 |     1 ||     8
Armor: Scale mail        |    46 |    53 |     5 |       |       ||   104
       Chain mail        |       |       |   131 |   211 |   132 ||   474
Dodge: Dodged            |    30 |    57 |    99 |   167 |   101 ||   454
Block: Shield            |    42 |    87 |   167 |   431 |   266 ||   993
